 Dungeon Crawl Stone Soup version 0.25-a0-290-g4a1327ee3a (webtiles) character file.

Game seed: 17813814110362244331, levelgen mode: deterministic

663 MisterFreud the Changer (level 7, -7/57 HPs)
             Began as a Purple Draconian Transmuter on Dec 13, 2019.
             Mangled by Crazy Yiuf
             ... wielding a +2 quarterstaff of chaos
              (18 damage)
             ... on level 4 of the Dungeon.
             The game lasted 00:09:45 (4139 turns).

MisterFreud the Changer (DrTm)                      Turns: 4139, Time: 00:09:46

Health: -7/57      AC:  2    Str: 12    XL:     7   Next: 31%
Magic:  4/13       EV: 19    Int: 16    God:
Gold:   280        SH:  0    Dex: 16    Spells: 9/15 levels left

rFire    . . .     SeeInvis .     - Unarmed
rCold    . . .     Gourm    .   (shield currently unavailable)
rNeg     . . .     Faith    .   (armour unavailable)
rPois    x         Spirit   .   (helmet currently unavailable)
rElec    .         Reflect  .   (cloak currently unavailable)
rCorr    .         Harm     .   (gloves currently unavailable)
MR       +....                  (boots currently unavailable)
Stlth    ++........             (no amulet)
HPRegen  0.19/turn              k - ring of stealth
MPRegen  0.13/turn              (no ring)

@: spider-form
A: tiny, (breathe power), unfitting armour, AC +6
a: End Transformation


You were on level 4 of the Dungeon.
You were not hungry.
You were a venomous arachnid creature.
You visited 1 branch of the dungeon, and saw 6 of its levels.
You also visited: Sewer.

You collected 280 gold pieces.

Inventory:

Missiles
 a - 22 arrows
Jewellery
 k - a ring of stealth (left front leg)
Wands
 m - a wand of disintegration (11)
 v - a wand of random effects (8)
Scrolls
 e - 3 scrolls of identify {unknown}
 f - 3 scrolls of fear
 h - 5 scrolls of remove curse {unknown}
 j - a scroll of enchant weapon
 n - 3 scrolls of blinking
 r - a scroll of teleportation
 s - a scroll of amnesia {unknown}
 t - a scroll of fog {unknown}
Potions
 b - 3 potions of brilliance {unknown}
 g - a potion of flight {unknown}
 i - 4 potions of curing
 l - 2 potions of heal wounds {unknown}
 o - 2 potions of might {unknown}
 p - 2 potions of haste {unknown}
 q - a potion of invisibility {unknown}
 u - a potion of agility {unknown}
Comestibles
 c - 4 rations
 d - 5 chunks of flesh


   Skills:
 - Level 3.1 Fighting
 - Level 1.7 Dodging
 - Level 5.0 Unarmed Combat
 + Level 4.5 Spellcasting
 + Level 5.5 Transmutations


You had 9 spell levels left.
You knew the following spells:

 Your Spells              Type           Power        Failure   Level  Hunger
a - Beastly Appendage     Tmut           ###...       7%          1    None
b - Sticks to Snakes      Tmut           ###.....     10%         2    ##.....
c - Spider Form           Tmut/Pois      ##........   34%         3    ###....

Your spell library contained the following spells:

 Spells                   Type           Power        Failure   Level  Hunger
 Blade Hands              Tmut           ###.......   65%         5    ######.
 Ice Form                 Ice/Tmut       ##......     67%         4    ####...


Dungeon Overview and Level Annotations

Branches:
Dungeon (6/15)              Sewer (visited)
 Temple: D:4-7

Altars:
Qazlal
Trog

Annotations:
D:4 Crazy Yiuf


Innate Abilities, Weirdness & Mutations

((You can breathe bolts of dispelling energy.))
((Your rich purple scales are hard. (AC +6)))
You cannot fit into any form of body armour.
((You are cold-blooded and may be slowed by cold attacks.))


Message History

Casting: Spider Form (safe; 16% risk of failure)
Confirm with . or Enter, or press ? or * to list all spells.
You turn into a venomous arachnid creature.
Crazy Yiuf shouts!
There is an open translucent door here.
You barely miss Crazy Yiuf.
Crazy Yiuf hits you with a +2 quarterstaff of chaos!
You feel your power leaking away.
You barely miss Crazy Yiuf.
Crazy Yiuf drinks a potion.
Crazy Yiuf goes berserk!
You hit Crazy Yiuf.
Crazy Yiuf is poisoned.
Crazy Yiuf is lightly wounded.
Crazy Yiuf hits you with a +2 quarterstaff of chaos!
* * * LOW HITPOINT WARNING * * *
You are lethally poisoned!
* * * LOW HITPOINT WARNING * * *
You feel sick. Crazy Yiuf closely misses you.
It was a potion of curing.
You feel better.
Crazy Yiuf hits you with a +2 quarterstaff of chaos!!
You die...

# # ##### ..... .##.#
.##... .....#####♣♣
#### ###.###.#..♣♣
♣♣#..)#
............♣♣♣♣sg...#
.# #.......♣..♣#...#
.# #)##...♣.♣♣♣ ####
.# #.###♣♣♣♣♣ . #.#
.#####.# ### .......#
#.# #.#.##.# ###.#
.......# #...#


You could see Crazy Yiuf (berserk).

Vanquished Creatures
  2 ogres
  An eye of draining (D:4)
  An orc priest (D:3)
  A hound (D:6)
  An iguana (D:5)
  Natasha (thrice) (D:4)
  2 worker ants
  A hound skeleton (D:4)
  2 adders
  3 river rats (Sewer)
  An ooze (D:6)
  A worm (D:3)
  2 dart slugs
  4 leopard geckos
  8 orcs
  7 giant cockroaches
  6 goblins
  10 hobgoblins
  4 jackals (D:5)
  A quokka (D:2)
  4 ball pythons
  8 bats
  23 frilled lizards
  5 kobolds
  14 rats
115 creatures vanquished.

Vanquished Creatures (collateral kills)
  3 adders
  A giant cockroach (D:6)
  A rat (D:3)
5 creatures vanquished.

Grand Total: 120 creatures vanquished

Notes
Turn   | Place    | Note
-------+----------+-------------------------------------------
     0 | D:1      | MisterFreud the Draconian Transmuter began the quest for
                  | the Orb.
     0 | D:1      | Reached XP level 1. HP: 16/16 MP: 3/3
    80 | D:1      | Reached XP level 2. HP: 21/23 MP: 3/5
   416 | D:1      | Learned a level 2 spell: Sticks to Snakes
   634 | D:2      | Reached XP level 3. HP: 26/28 MP: 4/6
  1433 | D:3      | Reached XP level 4. HP: 34/35 MP: 5/8
  1492 | D:3      | Learned a level 3 spell: Spider Form
  1893 | D:3      | You fall into a shaft and drop 3 floors!
  1902 | D:5      | Entered Level 5 of the Dungeon
  1929 | D:5      | Reached XP level 5. HP: 5/40 MP: 7/9
  1946 | D:6      | Found a glowing drain.
  1991 | Sewer    | Entered a sewer
  2245 | Sewer    | Reached skill level 5 in Transmutations
  2853 | D:6      | Noticed an ogre
  2866 | D:6      | Killed an ogre
  2866 | D:6      | Reached XP level 6. HP: 37/50 MP: 4/10
  2987 | D:6      | Noticed an orc warrior
  3075 | D:4      | Noticed Natasha
  3084 | D:4      | Killed Natasha
  3278 | D:3      | Found a stormy altar of Qazlal.
  3599 | D:4      | Found a bloodstained altar of Trog.
  3716 | D:4      | Reached skill level 5 in Unarmed Combat
  3853 | D:4      | Noticed Natasha
  3864 | D:4      | Killed Natasha
  3864 | D:4      | Your scales start taking on a rich purple colour.
  3864 | D:4      | Reached XP level 7. HP: 57/57 MP: 6/12
  3920 | D:4      | Noticed Natasha
  3930 | D:4      | Killed Natasha
  4128 | D:4      | Found a runed translucent door.
  4129 | D:4      | Noticed Crazy Yiuf
  4139 | D:4      | Mangled by Crazy Yiuf

Levels and vault maps discovered:
D:1:      psy_arrival_radial01, layout_basic, minmay_lizard_king
D:2:      layout_loops_ring, minmay_misc_feat_square
D:3:      layout_basic, grunt_qazlal_clouds
D:4:      layout_loops_cross, minitemple, trog_eyes_of_draining, uniq_natasha,
          uniq_crazy_yiuf_cottage
D:5:      layout_rooms, dancing_weapons_uskayaw, minmay_temple_entry_junction_2,
          first_ration
D:6:      layout_cave_pools, gup_sewer_entry_glass

Skill      XL: |  1  2  3  4  5  6  7 |
---------------+----------------------+-----
Transmutations | 3 4 5 |  5.5
Spellcasting   | 3 4 |  4.5
Fighting       | 2 3 |  3.1
Unarmed Combat | 5 |  5.0
Dodging        | |  1.7

Action                   |  1- 3 |  4- 6 |  7- 9 || total
-------------------------+-------+-------+-------++-------
Melee: Unarmed           |   159 |   218 |    31 ||   408
       Kick              |    10 |     4 |       ||    14
       Headbutt          |     7 |     2 |       ||     9
       Tailslap          |     6 |    13 |     3 ||    22
       Punch             |     1 |     1 |       ||     2
 Cast: Beastly Appendage |    17 |     3 |       ||    20
       Sticks to Snakes  |     3 |     7 |       ||    10
       Spider Form       |       |    13 |     4 ||    17
  Use: Scroll            |     5 |     1 |       ||     6
       Potion            |       |       |     1 ||     1
 Stab: Sleeping          |     3 |     4 |     1 ||     8
       Distracted        |       |     1 |       ||     1
  Eat: Chunk             |     2 |    11 |     1 ||    14
Armor: Skin              |    38 |    34 |     4 ||    76
Dodge: Dodged            |    81 |   151 |    19 ||   251

Table legend:
 A = Non-vault XP
 B = Vault XP
 C = Vault XP percentage of total XP
 D = Non-vault monster count
 E = Vault monster count
 F = Vault count percentage of total count
                 A         B        C        D         E       F
            +---------+---------+-------+---------+---------+-------
      Total |     701 |     247 |  26.1 |      81 |      39 |  32.5
            +---------+---------+-------+---------+---------+-------
        D:1 |      22 |      14 |  38.9 |      13 |      12 |  48.0
        D:2 |      47 |       0 |   0.0 |      23 |       0 |   0.0
        D:3 |     114 |       0 |   0.0 |      26 |       0 |   0.0
        D:4 |     228 |     156 |  40.6 |       7 |       4 |  36.4
        D:5 |      83 |       0 |   0.0 |       8 |       0 |   0.0
        D:6 |     207 |      19 |   8.4 |       4 |       5 |  55.6
      Sewer |       0 |      58 | 100.0 |       0 |      18 | 100.0
            +---------+---------+-------+---------+---------+-------
